 Dungeon Crawl Stone Soup version 0.25.1-2-g60ff931df9 (webtiles) character file.

Game seed: 10651655350777315524

1750 raphaelitos the Archer (level 8, -2/68 HPs)
             Began as a Centaur Hunter on Nov 19, 2020.
             Killed from afar by an electric eel (8 damage)
             ... with a bolt of electricity
             ... on level 6 of the Dungeon.
             The game lasted 00:20:00 (4993 turns).

raphaelitos the Archer (Centaur Hunter)             Turns: 4993, Time: 00:20:01

Health: -2/68      AC:  9    Str: 14    XL:     8   Next: 78%
Magic:  8/8        EV: 15    Int: 10    God:
Gold:   309        SH:  0    Dex: 19    Spells: 7/7 levels left

rFire    . . .     SeeInvis .   a - +1 shortbow
rCold    . . .     Gourm    .   (shield currently unavailable)
rNeg     . . .     Faith    .   c - +2 leather armour
rPois    .         Spirit   .   n - +2 helmet of Oblivion {Regen+}
rElec    .         Reflect  .   (no cloak)
rCorr    .         Harm     .   (no gloves)
MR       .....                  (no barding)
Stlth    ++........             (no amulet)
HPRegen  0.61/turn              s - +6 ring of dexterity
MPRegen  0.11/turn              g - +4 ring of evasion

@: very slow
A: large, hooves 3, deformed body, speed 2, tough skin 3
a: no special abilities


You were on level 6 of the Dungeon.
You were hungry.

You visited 1 branch of the dungeon, and saw 6 of its levels.

You collected 309 gold pieces.

Inventory:

Hand Weapons
 a - a +1 shortbow (weapon)
 b - the +3 dagger of Ofrih {vorpal, Dex+4}
   (You found it on level 4 of the Dungeon)

   It inflicts extra damage upon your enemies.
   It affects your dexterity (+4).
 y - a +4 quarterstaff of protection
Missiles
 d - 26 arrows (quivered)
 i - 81 bolts
 k - 35 poisoned darts
 r - 41 sling bullets
Armour
 c - a +2 leather armour (worn)
 n - the +2 helmet of Oblivion (worn) {Regen+}
   (You took it off Robin on level 2 of the Dungeon)

   It increases your rate of regeneration.
Jewellery
 g - a +4 ring of evasion (right hand)
 s - a +6 ring of dexterity (left hand)
Wands
 t - a wand of iceblast (18)
 x - a wand of polymorph (9)
 A - a wand of random effects (5)
 C - a wand of enslavement (11)
Scrolls
 j - 2 scrolls of teleportation
 v - a scroll of remove curse
Potions
 e - a potion of stabbing
 h - 2 potions of curing
 l - 2 potions of lignification
 m - a potion of resistance {unknown}
 o - a potion of haste
 p - 2 potions of flight
 q - a potion of magic {unknown}
 z - a potion of cancellation
 B - a potion of brilliance
Comestibles
 f - 15 rations
 u - 5 chunks of flesh


   Skills:
 + Level 5.2 Fighting
 + Level 2.0 Short Blades
   Level 3.2 Axes
 + Level 3.1 Staves
 + Level 10.0 Bows
 + Level 2.5 Armour
 + Level 2.7 Dodging
 + Level 0.8 Stealth


You had 7 spell levels left.
You didn't know any spells.
Your spell library contained the following spells:

 Spells                   Type           Power        Failure   Level  Hunger
 Sandblast                Erth           #.....       43%         1    ##.....
 Passwall                 Tmut/Erth      #.......     56%         2    ###....
 Stone Arrow              Conj/Erth      #.....       80%         3    ####...
 Petrify                  Tmut/Erth      #.......     99%         4    #####..
 Lee's Rapid Deconstruct  Erth           #.........   100%        5    ######.


Dungeon Overview and Level Annotations

Branches:
Dungeon (6/15)             Temple (0/1) D:5

Altars:
Ashenzari
Dithmenos
Nemelex Xobeh
Sif Muna


Innate Abilities, Weirdness & Mutations

You have hooves in place of feet.
Armour fits poorly on your strangely shaped body.
You cover ground very quickly.
You have extremely tough skin. (AC +3)


Message History

The electric eel shoots out a bolt of lightning at you!
The bolt of electricity hits you!
* * * LOW HITPOINT WARNING * * *
The bolt of electricity hits the plant!
The electric eel shoots out a bolt of lightning at you!
The bolt of electricity misses you.
Okay, then.
You feel much better.
The electric eel shoots out a bolt of lightning at you!
The bolt of electricity hits you!
* * * LOW HITPOINT WARNING * * *
The electric eel shoots out a bolt of lightning at you!
The bolt of electricity hits the plant.
The bolt of electricity hits you!
* * * LOW HITPOINT WARNING * * *
The electric eel shoots out a bolt of lightning at you!
The bolt of electricity hits you.
* * * LOW HITPOINT WARNING * * *
The electric eel shoots out a bolt of lightning at you!
The bolt of electricity hits the plant!
The bolt of electricity hits you!
You die...

. .. ### ≈♣≈♣≈P♣## ##
♣≈♣≈♣≈≈ ≈♣P###
≈≈≈≈≈≈≈♣♣≈♣♣≈##
≈P≈≈≈≈≈≈PP≈≈≈≈#
≈≈≈≈≈≈P@≈♣≈≈♣♣##
≈≈≈≈≈≈≈≈≈≈P≈≈≈≈#
≈≈≈≈≈≈≈PP≈≈≈≈≈♣≈#
P≈≈≈≈≈≈≈≈≈≈≈≈≈≈≈≈≈≈≈≈≈P♣≈#
≈≈≈≈≈≈≈≈≈≈≈≈≈≈≈≈≈;P≈≈≈≈♣≈#
P♣≈PP≈≈≈≈≈≈≈≈≈≈≈≈≈≈≈≈≈♣P#
≈≈≈♣≈≈≈≈≈≈≈≈≈≈≈≈≈≈≈P≈≈P##
≈♣≈≈≈≈≈≈≈≈≈≈≈≈≈≈≈P≈≈≈≈##
.a≈≈♣♣≈≈≈PPP≈P≈≈P♣♣≈≈♣#


You could see an electric eel.

Vanquished Creatures
  Sigmund (D:2)
  Duvessa (D:4)
  3 ogres
  2 phantoms
  A centaur (D:5)
  2 bullfrogs (D:6)
  A gnoll sergeant (D:6)
  Dowan (D:4)
  A howler monkey (D:4)
  An electric eel (D:6)
  A crimson imp (D:5)
  2 hounds (D:5)
  A jelly (D:5)
  A bullfrog zombie (D:5)
  An orc priest (D:4)
  5 orc wizards
  Natasha (thrice) (D:2)
  4 worker ants
  Robin (D:2)
  4 gnolls (D:6)
  3 adders
  2 shadow imps (D:5)
  3 worms
  2 leopard geckos
  10 orcs
  2 ball pythons
  3 giant cockroaches
  15 goblins
  7 hobgoblins
  8 jackals
  11 bats
  7 frilled lizards
  A jackal skeleton (D:3)
  5 kobolds
  A leopard gecko skeleton (D:5)
  A leopard gecko zombie (D:5)
  8 rats
126 creatures vanquished.

Vanquished Creatures (others)
  A leopard gecko (D:6)
1 creature vanquished.

Grand Total: 127 creatures vanquished

Notes
Turn   | Place    | Note
-------+----------+-------------------------------------------
     0 | D:1      | raphaelitos the Centaur Hunter began the quest for the Orb.
     0 | D:1      | Reached XP level 1. HP: 17/17 MP: 1/1
    82 | D:1      | Reached XP level 2. HP: 13/24 MP: 2/2
   403 | D:1      | Reached skill level 6 in Bows
   943 | D:2      | Reached XP level 3. HP: 29/29 MP: 3/3
  1290 | D:2      | Identified the +2 helmet of Oblivion {Regen+}
  1290 | D:2      | Noticed Robin
  1369 | D:2      | Killed Robin
  1369 | D:2      | Reached skill level 1 in Axes
  1372 | D:2      | Reached XP level 4. HP: 25/37 MP: 4/4
  1499 | D:2      | Noticed Sigmund
  1525 | D:2      | Killed Sigmund
  1525 | D:2      | Reached skill level 7 in Bows
  1525 | D:2      | Reached skill level 1 in Armour
  1525 | D:2      | Reached XP level 5. HP: 26/44 MP: 5/5
  1660 | D:2      | Noticed Natasha
  1663 | D:2      | Killed Natasha
  1725 | D:2      | Noticed Natasha
  1728 | D:2      | Killed Natasha
  1728 | D:2      | Reached XP level 6. HP: 50/50 MP: 6/6
  2095 | D:2      | Noticed Natasha
  2098 | D:2      | Killed Natasha
  2459 | D:3      | You fall into a shaft and drop 2 floors!
  2459 | D:5      | Entered Level 5 of the Dungeon
  2815 | D:4      | Reached skill level 8 in Bows
  2815 | D:4      | Reached XP level 7. HP: 57/57 MP: 7/7
  3133 | D:3      | Found a shadowy altar of Dithmenos.
  3272 | D:4      | Got a crystal dagger
  3272 | D:4      | Identified the +3 dagger of Ofrih {vorpal, Dex+4} (You
                  | found it on level 4 of the Dungeon)
  3373 | D:4      | Noticed Dowan
  3375 | D:4      | Noticed Duvessa
  3390 | D:4      | Killed Duvessa
  3390 | D:4      | Reached skill level 1 in Staves
  3394 | D:4      | Killed Dowan
  3394 | D:4      | Reached skill level 9 in Bows
  3767 | D:4      | Found a sparkling altar of Nemelex Xobeh.
  3815 | D:4      | Reached XP level 8. HP: 61/66 MP: 8/8
  3952 | D:5      | Reached skill level 1 in Short Blades
  4245 | D:5      | Found a staircase to the Ecumenical Temple.
  4311 | D:5      | Found a shimmering blue altar of Sif Muna.
  4419 | D:5      | Found a shattered altar of Ashenzari.
  4894 | D:6      | Reached skill level 10 in Bows
  4928 | D:6      | Reached skill level 5 in Fighting
  4993 | D:6      | Killed from afar by an electric eel

Illustrated notes

Levels and vault maps discovered:
D:1:      matt_arrival_refuge, layout_basic, minmay_misc_feat_encased
D:2:      layout_basic, uniq_sigmund, uniq_natasha, uniq_robin
D:3:      layout_rooms, grunt_dithmenos_smoke_and_mirrors
D:4:      layout_rooms, marbit_many_paths, serial_rivers,
          chequers_serial_rivers_room_a, chequers_serial_rivers_micro_c,
          chequers_serial_rivers_micro_a, chequers_serial_rivers_small_3,
          uniq_duvessa
D:5:      layout_cave_pods, lemuel_coloured_pillars_altar,
          nicolae_overflow_hidden_temple, minmay_temple_entry_overgrown,
          first_ration, minmay_misc_feat_cross
D:6:      layout_loops_ring, portal_sewer_entry_d, serial_bayou,
          serial_bayou_lagoon_a, serial_bayou_lake_a, serial_bayou_shore_b,
          serial_bayou_ford_a, gammafunk_ghost_mausoleum, uniq_edmund

Skill      XL: |  1  2  3  4  5  6  7  8 |
---------------+-------------------------+-----
Bows           | 6 7 8 9 10 | 10.0
Axes           | 1 2 3 |  3.2
Armour         | 1 2 |  2.5
Dodging        | 2 |  2.7
Fighting       | 3 4 5 |  5.2
Staves         | 1 3 |  3.1
Short Blades   | 2 |  2.0
Stealth        | |  0.8

Action                   |  1- 3 |  4- 6 |  7- 9 || total
-------------------------+-------+-------+-------++-------
Melee: Short sword       |    27 |       |       ||    27
       Kick              |    11 |    13 |    43 ||    67
       Hand axe          |    37 |    30 |       ||    67
       Dagger            |       |       |    53 ||    53
       Quarterstaff      |       |       |    70 ||    70
 Fire: Shortbow          |    62 |    72 |    87 ||   221
  Use: Scroll            |     7 |     3 |     8 ||    18
       Potion            |       |       |     1 ||     1
  Eat: Chunk             |       |     4 |     5 ||     9
Armor: Leather armour    |    51 |     7 |    47 ||   105
Dodge: Dodged            |    40 |    12 |    99 ||   151
